AoeStats
← Edmond Dantès

Nomad

503971093Analyzed
4v4 RM · 1mo ago on Sep 3, 2026· 31m 36s· 8 players
Game mode
Random Map
Map size
231×231
Population
200
Speed
Normal
Resources
Standard
Victory
Conquest
Starting age
Dark Age
Ending age
Imperial Age
RankedLock teamsTeams togetherTeam positionsShared explorationLock speedFull tech treeHidden civsTurbo modeCheats
Victory
Defeat
🇷🇴 Britons · Romania
1756
+12
🇨🇿 Poles · Czechia
1732
+13
🇹🇷 Koreans · Türkiye
1660
+16
🇮🇹 Bulgarians · Italy
1629
+17
🇹🇼 Hindustanis · Taiwan
1752
-20
🇨🇳 Spanish · China
1651
-14
🇨🇳 Jurchens · China
1634
-13
🇹🇷 Mongols · Türkiye
1589
-11
Apep
4:40 Loom
16:00 Feudal Age
23:47 Castle Age
25:24 Fletching
25:55 Double-Bit Axe
30:01 Imperial Age
28:19 Fishing Lines
28:41 Gold Mining
31:06 Bow Saw
Velky kanec
4:15 Loom
14:05 Feudal Age
17:40 Castle Age
15:34 Double-Bit Axe
15:41 Fishing Lines
17:57 Town Watch
18:55 Medium Warships
19:48 Bow Saw
20:53 Horse Collar
21:49 Heavy Plow
23:46 Gold Mining
23:57 Gillnets
25:53 Wheelbarrow
25:43 Stone Mining
30:13 Imperial Age
27:27 Treadmill Crane
28:24 Stone Shaft Mining
27:58 Scale Barding Armor
28:03 Forging
28:54 Chain Barding Armor
28:45 Forging
29:15 Hand Cart
29:11 Bloodlines
29:02 Husbandry
29:26 Forging
30:03 Szlachta Privileges
31:17 Iron Casting
30:30 Cavalier
32:34 Chemistry
Edmond Dantès
8:46 Loom
11:04 Loom
14:18 Feudal Age
18:19 Castle Age
25:19 Double-Bit Axe
27:29 Bow Saw
28:41 Wheelbarrow
27:51 Town Watch
29:02 Fishing Lines
29:19 Horse Collar
TAG_Mihai06
13:57 Feudal Age
17:50 Castle Age
17:57 Double-Bit Axe
18:56 Medium Warships
18:50 Loom
19:40 Fletching
19:38 Fishing Lines
21:14 Bodkin Arrow
22:21 Bow Saw
24:09 Horse Collar
27:06 Wheelbarrow
26:16 Town Watch
27:21 Heavy Plow
29:14 Hand Cart
The_OFLi
3:35 Loom
18:37 Feudal Age
24:03 Castle Age
22:43 Double-Bit Axe
23:19 Fletching
26:07 Horse Collar
30:39 Bow Saw
30:35 Heavy Plow
YYQ
5:43 Loom
13:13 Feudal Age
19:30 Castle Age
17:37 Fishing Lines
18:01 Double-Bit Axe
24:03 Bow Saw
24:23 Horse Collar
YiMia
5:12 Loom
13:15 Feudal Age
20:29 Castle Age
18:51 Forging
21:36 Medium Warships
25:16 Horse Collar
25:21 Double-Bit Axe
28:54 Wheelbarrow
28:58 Town Watch
小白
4:48 Loom
13:20 Feudal Age
16:55 Castle Age
15:35 Double-Bit Axe
18:02 Bow Saw
18:31 Fletching
18:34 Gold Mining
28:10 Bodkin Arrow
30:05 Padded Archer Armor
31:32 Leather Archer Armor
31:58 Wheelbarrow
Connection lost

Rejoining the realm…

Still unreachable

The connection could not be restored.

Session expired

The server has moved on; the page needs a fresh start.